 Dungeon Crawl Stone Soup version 0.30-a0-360-g447f08457e (webtiles) character file.

Game seed: 8510263667264844573

711 pokeman the Thaumaturge (level 7, -2/38 HPs)
             Began as a Deep Elf Hedge Wizard on Nov 13, 2022.
             Slain by Duvessa
             ... wielding a +3 short sword of protection
              (11 damage)
             ... on level 5 of the Dungeon.
             The game lasted 00:08:19 (5363 turns).

pokeman the Thaumaturge (Deep Elf Hedge Wizard)     Turns: 5363, Time: 00:08:19

Health: -2/38      AC:  4    Str:  7    XL:     7   Next: 40%
Magic:  14/20      EV: 16    Int: 21    God:
Gold:   192        SH:  0    Dex: 14    Spells: 14/22 levels left

rFire   . . .      SeeInvis .    B - +2 dagger (venom)
rCold   . . .      Faith    .    (no shield)
rNeg    . . .      Spirit   .    s - +0 leather armour
rPois   .          Reflect  .    c - +0 hat
rElec   .          Harm     .    (no cloak)
rCorr   +          Rampage  .    j - +0 pair of gloves
Will    .....                    (no boots)
Stlth   ++........               (no amulet)
HPRegen 0.26/turn                r - +4 ring of evasion
MPRegen 0.17/turn                v - ring of resist corrosion

@: very slightly contaminated
A: no striking features
a: no special abilities


You were on level 5 of the Dungeon.
You visited 1 branch of the dungeon, and saw 5 of its levels.

You collected 192 gold pieces.

Inventory:

Hand Weapons
 A - a +0 shortbow
 B - a +2 dagger of venom (weapon)
Armour
 c - a +0 hat (worn)
 j - a +0 pair of gloves (worn)
 m - a +0 kite shield
 s - a +0 leather armour (worn)
Magical Staves
 z - a staff of death
Jewellery
 r - a +4 ring of evasion (left hand)
 v - a ring of resist corrosion (right hand)
 D - a ring of see invisible
Wands
 p - a wand of flame (11)
 u - a wand of charming (13)
 x - a wand of mindburst (14)
Scrolls
 e - 7 scrolls of identify {unknown}
 g - 2 scrolls of blinking {unknown}
 k - 2 scrolls of teleportation {unknown}
 l - a scroll of fog {unknown}
 n - a scroll of noise {unknown}
 t - a scroll of brand weapon {unknown}
 y - a scroll of vulnerability {unknown}
 C - 4 scrolls of enchant armour {unknown}
Potions
 a - a potion of lignification {unknown}
 b - 3 potions of cancellation {unknown}
 d - 2 potions of magic
 f - 3 potions of mutation {unknown}
 h - a potion of ambrosia {unknown}
 i - 2 potions of resistance {unknown}
 o - 2 potions of curing {unknown}
 q - a potion of degeneration {unknown}
 w - a potion of heal wounds {unknown}
 E - 2 potions of haste {unknown}


   Skills:
 - Level 1.0 Fighting
 - Level 1.0 Armour
 - Level 4.0 Dodging
 - Level 4.1 Stealth
 - Level 1.1 Shields
 * Level 8.2 Spellcasting
 + Level 3.9 Conjurations
 - Level 1.1 Summonings
 - Level 1.0 Necromancy
 - Level 1.1 Translocations
 - Level 1.0 Air Magic
 + Level 0.1 Poison Magic
 + Level 0.1 Evocations


You had 14 spell levels left.
You knew the following spells:

 Your Spells              Type           Power      Damage    Failure   Level
a - Magic Dart            Conj           100%       1d8       2%          1
b - Mephitic Cloud        Conj/Pois/Air  15%        N/A       17%         3
c - Call Imp              Summ           13%        N/A       11%         2
d - Blink                 Tloc           26%        N/A       11%         2

Your spell library contained the following spells:

 Spells                   Type           Power      Damage    Failure   Level
 Slow                     Hex            32%        N/A       12%         1
 Cigotuvi's Dreadful Rot  Necr/Pois/Air  22%        N/A       13%         2
 Poisonous Vapours        Pois/Air       22%        N/A       14%         2
 Inner Flame              Hex/Fire       8%         N/A       34%         3
 Cause Fear               Hex            4%         N/A       75%         4
 Discord                  Hex            4%         N/A       100%        8


Dungeon Overview and Level Annotations

Branches:
Dungeon (5/15)
 Temple: D:4-7

Altars:
Okawaru
Trog

Annotations:
D:5 1 transporter, Dowan, Duvessa


Message History

You hit Duvessa but do no damage.
Duvessa looks as sick as possible!
Duvessa is moderately wounded.
Dowan hits Duvessa but does no damage.
Dowan hits himself with a +0 dagger.
Duvessa hits you with a +3 short sword of protection!
Casting: Mephitic Cloud (quite dangerous; 17% risk of failure)
Confirm with . or Enter, or press ? or * to list all spells.
The spell is quite dangerous to miscast (17% risk of failure)!
Continue anyway?
Aiming: Mephitic Cloud (quite dangerous; 17% risk of failure)
Press: ? - help, Shift-Dir - straight line, f/p - Dowan
Aim: Dowan, wielding a +0 dagger and wearing a +0 robe (almost dead, confused, chance to affect: 86%)
You miscast Mephitic Cloud.
You are very lightly contaminated with residual magic.
Nothing appears to happen.
Dowan seems less confused.
Casting: Mephitic Cloud (quite dangerous; 17% risk of failure)
Confirm with . or Enter, or press ? or * to list all spells.
The spell is quite dangerous to miscast (17% risk of failure)!
Continue anyway?
Aiming: Mephitic Cloud (quite dangerous; 17% risk of failure)
Press: ? - help, Shift-Dir - straight line, f/p - Dowan
Aim: Dowan, wielding a +0 dagger and wearing a +0 robe (almost dead, chance to affect: 86%)
The ball explodes into a vile cloud!
The stinking cloud engulfs Dowan but does no damage.
Dowan is almost dead.
The stinking cloud engulfs Duvessa but does no damage.
Duvessa is moderately wounded.
Duvessa seems less confused.
Dowan is engulfed in noxious fumes.
Dowan appears confused.
Dowan drinks a potion.
Dowan seems to grow stronger.
Unknown command.
Unknown command.
Dowan is engulfed in noxious fumes.
Dowan appears confused.
Duvessa is engulfed in noxious fumes.
Duvessa hits you with a +3 short sword of protection.
You hit Duvessa but do no damage.
Duvessa is heavily wounded.
Dowan barely misses himself.
Duvessa hits you with a +3 short sword of protection!
* * * LOW HITPOINT WARNING * * *
Unknown command.
Duvessa attacks as you move away!
Duvessa hits you with a +3 short sword of protection!
You die...

###### ##....#
##.....# ......
#..$. #######.e.
........# #. #..#
#e#
#.##..####@######
..#..#..........#
##
#.#..#.##.#####.#
..###.#.......#
#.......##.####
####.###......#
#..........####
.........#.#
.....^...#.#


You could see Duvessa (extremely poisoned) and Dowan (strong, confused).

Vanquished Creatures
  2 ogres
  2 jellies (D:4)
  An orc priest (D:4)
  Ijyb (D:3)
  An orc wizard (D:3)
  10 adders
  A shadow imp (D:5)
  A white imp (D:3)
  A worm (D:3)
  5 dart slugs
  12 orcs
  12 ball pythons
  9 endoplasms
  3 giant cockroaches
  7 goblins
  4 hobgoblins
  5 jackals
  12 kobolds
  5 quokkas
  3 bats
  4 frilled lizards
  4 rats (D:2)
105 creatures vanquished.

Vanquished Creatures (collateral kills)
  Sigmund (D:3)
  A hound (D:3)
2 creatures vanquished.

Vanquished Creatures (others)
  7 plants (D:3)
7 creatures vanquished.

Grand Total: 114 creatures vanquished

Notes
Turn   | Place    | Note
-------+----------+-------------------------------------------
     0 | D:1      | pokeman the Deep Elf Hedge Wizard began the quest for the
                  | Orb.
     0 | D:1      | Reached XP level 1. HP: 10/10 MP: 7/7
    43 | D:1      | You fall into a shaft and drop 1 floor!
   306 | D:2      | Reached XP level 2. HP: 15/15 MP: 4/9
   590 | D:1      | Reached skill level 5 in Spellcasting
   691 | D:1      | Reached XP level 3. HP: 11/20 MP: 4/11
   695 | D:1      | Learned a level 3 spell: Mephitic Cloud
   698 | D:1      | Learned a level 2 spell: Call Imp
   701 | D:1      | Learned a level 2 spell: Blink
  1382 | D:1      | Reached skill level 1 in Armour
  1763 | D:2      | Reached skill level 1 in Fighting
  1825 | D:2      | Reached XP level 4. HP: 15/25 MP: 6/13
  2747 | D:3      | Noticed Sigmund
  2764 | D:3      | Killed Sigmund
  2765 | D:3      | Reached skill level 6 in Spellcasting
  2765 | D:3      | Reached XP level 5. HP: 14/29 MP: 6/16
  2765 | D:3      | Reached XP level 6. HP: 16/34 MP: 6/17
  2940 | D:3      | Noticed Ijyb
  2958 | D:3      | Killed Ijyb
  3490 | D:3      | Reached skill level 7 in Spellcasting
  4086 | D:3      | Found an iron altar of Okawaru.
  4125 | D:3      | Found a bloodstained altar of Trog.
  4327 | D:3      | Reached XP level 7. HP: 11/38 MP: 1/20
  4478 | D:4      | Reached skill level 1 in Necromancy
  5225 | D:5      | Entered Level 5 of the Dungeon
  5240 | D:5      | Reached skill level 1 in Shields
  5240 | D:5      | Reached skill level 8 in Spellcasting
  5240 | D:5      | Reached skill level 1 in Air Magic
  5327 | D:5      | Found a transporter.
  5342 | D:5      | Noticed Dowan
  5343 | D:5      | Noticed Duvessa
  5363 | D:5      | Slain by Duvessa

Illustrated notes

Levels and vault maps discovered:
D:1:      shiori_shiawase, layout_basic
D:2:      layout_basic, corexii_shack
D:3:      layout_loops_ring, grunt_temple_overflow_bloody_war, corexii_shack,
          serial_bayou_crossing, uniq_sigmund, uniq_ijyb
D:4:      layout_loops_ring
D:5:      layout_loops_cross, gammafunk_temple_overflow_arena,
          nicolae_underground_beach, uniq_grinder, uniq_eustachio, uniq_duvessa

Skill      XL: |  1  2  3  4  5  6  7 |
---------------+----------------------+-----
Spellcasting   | 5 6 7 8 |  8.2
Armour         | 1 |  1.0
Fighting       | 1 |  1.0
Conjurations   | 2 3 |  3.9
Dodging        | 3 4 |  4.0
Stealth        | 3 4 |  4.1
Necromancy     | 1 |  1.0
Shields        | 1 |  1.1
Air Magic      | 1 |  1.0
Summonings     | |  1.1
Translocations | |  1.1
Poison Magic   | |  0.1
Evocations     | |  0.1

Action                   |  1- 3 |  4- 6 |  7- 9 || total
-------------------------+-------+-------+-------++-------
Melee: Dagger            |    10 |    14 |    14 ||    38
       Whip              |       |    34 |       ||    34
 Cast: Magic Dart        |   105 |   147 |    57 ||   309
       Call Imp          |       |     5 |       ||     5
       Mephitic Cloud    |       |     6 |     3 ||     9
       Blink             |       |     1 |       ||     1
 Stab: Confused          |       |     2 |       ||     2
Armor: Robe              |     6 |     5 |       ||    11
       Leather armour    |       |     8 |     1 ||     9
Dodge: Dodged            |    19 |    58 |    14 ||    91

Table legend: (Time is in decaauts)
 A = Elapsed time spent in this place.
 B = Non-inter-level travel time spent in this place.
 C = Inter-level travel time spent in this place.
 D = Time resting spent in this place.
 E = Time spent auto-exploring this place.
 F = Levels seen in this place.
 G = Mean time per level.
                   A        B        C        D        E       F      G
               +--------+--------+--------+--------+--------+-----+--------+
         Total |   5378 |   5243 |    135 |     93 |   4448 |   5 | 1075.6 |
       Dungeon |   5378 |   5243 |    135 |     93 |   4448 |   5 | 1075.6 |
               +--------+--------+--------+--------+--------+-----+--------+

Top non-repeatable levels by time:
     D:3: 1592 daAuts
     D:2: 1547 daAuts
     D:1: 1199 daAuts
     D:4: 901 daAuts
     D:5: 137 daAuts
